 Dungeon Crawl Stone Soup version 0.31-a0-66-ge618eeaa78 (webtiles) character file.

Game seed: 6676944546068391275

95 Jeffwins the Caller (level 4, -1/28 HPs)
             Began as an Octopode Summoner on May 22, 2023.
             Slain by a goblin
             ... wielding a +0 dagger
             ... led by Robin
              (3 damage)
             ... on level 3 of the Dungeon.
             The game lasted 00:03:33 (1453 turns).

Jeffwins the Caller (Octopode Summoner)             Turns: 1453, Time: 00:03:35

Health: -1/28      AC:  1    Str:  7    XL:     4   Next: 66%
Magic:  3/8        EV: 13    Int: 19    God:
Gold:   135        SH:  0    Dex: 12    Spells: 2/8 levels left

rFire   . . .        g - +0 dagger
rCold   . . .        (no shield)
rNeg    . . .        (helmet restricted)
rPois   .            (no amulet)
rElec   .            (no ring)
rCorr   .            (no ring)
SInv    .            (no ring)
Will    .....        (no ring)
Stlth   +++          (no ring)
HPRegen 0.24/turn    (no ring)
MPRegen 0.11/turn    (no ring)
                     (no ring)

%: no passive effects
@: no status effects
A: almost no armour, amphibious, 8 rings, camouflage 1, gelatinous body 1,
(nimble swimmer 1), tentacles, sense surroundings 1, wild magic 1, MP-powered
wands
a: no special abilities


You were on level 3 of the Dungeon.
You visited 1 branch of the dungeon, and saw 3 of its levels.

You collected 135 gold pieces.


Innate Abilities, Weirdness & Mutations

You cannot wear most types of armour.
You are amphibious.
You can wear up to eight rings at the same time.
Your skin changes colour to match your surroundings (Stealth+).
Your rubbery body absorbs attacks. (AC +1, EV +1)
((You are camouflaged when in or above water. (Stealth+)))
You have tentacles for arms and can constrict up to eight enemies at once.
You passively map a small area around you.
Your spells are a little harder to cast, but a little more powerful.
You expend magic power (3 MP) to strengthen your wands.


   Skills:
 + Level 1.1 Fighting
 + Level 2.5 Dodging
 + Level 3.3 Stealth
 * Level 2.9 Spellcasting
 * Level 4.6 Summonings


You had 2 spell levels left.
You knew the following spells:

 Your Spells              Type           Power      Damage    Failure   Level
c - Call Canine Familiar  Summ           26%        N/A       11%         3
x - Call Imp              Summ           52%        N/A       6%          2
z - Summon Small Mammal   Summ           100%       N/A       4%          1

Your spell library contained the following spells:

 Spells                   Type           Power      Damage    Failure   Level
 Summon Guardian Golem    Hex/Summ       13%        N/A       28%         3
 Summon Lightning Spire   Summ/Air       13%        N/A       65%         4
 Petrify                  Tmut/Erth      1%         N/A       91%         4
 Metabolic Englaciation   Hex/Ice        0%         N/A       99%         5
 Statue Form              Tmut/Erth      0%         N/A       100%        6

Inventory:

Hand Weapons
 g - a +0 dagger (weapon)
Missiles
 i - 2 javelins
Jewellery
 F - a ring of fire
Scrolls
 b - 3 scrolls of identify {unknown}
 d - 2 scrolls of enchant armour {unknown}
 h - 2 scrolls of noise {unknown}
Potions
 a - a potion of magic
 e - a potion of might
 f - a potion of mutation {!q}

Dungeon Overview and Level Annotations

Branches:
Dungeon (3/15)

Altars:
Kikubaaqudgha
Ru
Yredelemnul
Zin

Annotations:
D:3 Robin

▒▒▒▒▒▒###
▒▒.......#
▒▒..g⚑....#######
#######
▒..5h@g.........#
#.....#
▒.))h▒▒▒▒▒▒▒▒▒▒.#
#.###.# ▒.gh▒▒ ,
▒.#
#.###.#####▒.g.. ⚑
, ▒.#
#...†......▒..⚑.h
,,⚑ ▒.######
#..†#######▒▒...⚑.,
,▒....... #...#
▒▒...gg* ⌠ ▒..>.###
....# #▒▒▒▒▒▒▒▒▒
,,,▒###.# #.#.# #.#
, #.#


You could see Robin, 2 jackals, a hobgoblin (strong), 2 goblins, a friendly
hound (summoned) and a friendly cerulean imp (summoned).


Message History

Your hound misses the jackal. The goblin closely misses your hound.
Robin throws the goblin at you!
* * * LOW HITPOINT WARNING * * *
The goblin hits you with a +0 dagger.
* * * LOW HITPOINT WARNING * * *
You miss the goblin. Your grab misses the goblin. You constrict the jackal.
The jackal bites your hound. The jackal closely misses you.
Your hound bites the jackal.
The jackal dies!
Your cerulean imp barely misses the goblin.
The jackal bites you.
* * * LOW HITPOINT WARNING * * *
The goblin barely misses your hound. The goblin barely misses you.
Robin throws the goblin at you!
* * * LOW HITPOINT WARNING * * *
The goblin closely misses you.
Okay, then.
Okay, then.
You aren't carrying any items that you can evoke.
Unknown command.
As you read the scroll labelled XECWOY QYPYU, it crumbles to dust.
It is a scroll of amnesia.
Really abort (and waste the scroll)?
Okay, then.
You constrict the jackal. The jackal bites your hound.
Your cerulean imp barely misses the goblin.
Your hound bites the goblin.
The goblin dies!
The goblin hits you with a +0 dagger.
You die...

Skill      XL: |  1  2  3 |
---------------+----------+-----
Stealth        | 3 |  3.3
Fighting       | 1 |  1.1
Dodging        | |  2.5
Spellcasting   | |  2.9
Summonings     | |  4.6

Action                     |  1- 3 |  4- 6 || total
---------------------------+-------+-------++-------
  Melee: Unarmed           |    40 |       ||    40
         Constrict         |    16 |     9 ||    25
         Tentacles         |    18 |     6 ||    24
         Dagger            |    24 |    38 ||    62
   Cast: Call Imp          |     3 |     2 ||     5
         Summon Small Mamm |     3 |     1 ||     4
         Call Canine Famil |     1 |     1 ||     2
    Use: Scroll            |     3 |     1 ||     4
         Potion            |     1 |     2 ||     3
   Stab: Sleeping          |    14 |     6 ||    20
         Distracted        |     1 |     1 ||     2
 Armour: Skin              |     5 |       ||     5
  Dodge: Dodged            |    53 |    28 ||    81

Levels and vault maps discovered:
D:1:      nicolae_arrival_washed_ashore, layout_rooms, serial_curves,
          eino_curves_02, eino_curves_04, corexii_hall_statues_deadend
D:2:      layout_basic, grunt_decor_junction
D:3:      layout_loops_ring, nicolae_overflow_hallway_of_the_gods,
          nicolae_overflow_crystal_walls, nicolae_half_adder, uniq_robin

Notes
Turn   | Place    | Note
-------+----------+-------------------------------------------
     0 | D:1      | Jeffwins the Octopode Summoner began the quest for the Orb.
     0 | D:1      | Reached XP level 1. HP: 11/11 MP: 3/3
   147 | D:1      | HP: 1/11 [quokka (4)]
   150 | D:1      | Gained mutation: You passively map a small area around you.
                  | [potion of mutation]
   150 | D:1      | Gained mutation: Your spells are a little harder to cast,
                  | but a little more powerful. [potion of mutation]
   150 | D:1      | Gained mutation: You expend magic power (3 MP) to
                  | strengthen your wands. [potion of mutation]
   153 | D:1      | HP: 1/11 [jackal (2)]
   248 | D:1      | Reached XP level 2. HP: 17/17 MP: 5/5
   684 | D:2      | Reached skill level 3 in Stealth
   697 | D:2      | Learned a level 2 spell: Call Imp
   704 | D:2      | Reached XP level 3. HP: 22/22 MP: 2/6
   708 | D:2      | Learned a level 3 spell: Call Canine Familiar
   988 | D:2      | Reached skill level 1 in Fighting
  1064 | D:2      | Reached XP level 4. HP: 28/28 MP: 7/7
  1431 | D:3      | Found a basalt altar of Yredelemnul.
  1433 | D:3      | Found an ancient bone altar of Kikubaaqudgha.
  1440 | D:3      | Found a sacrificial altar of Ru.
  1441 | D:3      | Found a glowing silver altar of Zin.
  1441 | D:3      | Noticed Robin
  1452 | D:3      | HP: 2/28 [Robin/goblin (3)]
  1453 | D:3      | Slain by a goblin

Vanquished Creatures
  An adder (D:3)
  3 dart slugs
  3 endoplasms
  3 giant cockroaches (D:2)
  6 goblins
  3 hobgoblins
  5 jackals
  5 kobolds
  8 ball pythons
  4 bats (D:1)
  4 frilled lizards
  2 rats
47 creatures vanquished.

Vanquished Creatures (collateral kills)
  2 adders (D:2)
  3 goblins (D:3)
  A hobgoblin (D:3)
  4 jackals
  A rat (D:2)
11 creatures vanquished.

Grand Total: 58 creatures vanquished

Table legend: (Time is in decaauts)
 A = Elapsed time spent in this place.
 B = Non-inter-level travel time spent in this place.
 C = Inter-level travel time spent in this place.
 D = Time resting spent in this place.
 E = Time spent auto-exploring this place.
 F = Levels seen in this place.
 G = Mean time per level.
                   A        B        C        D        E       F      G
               +--------+--------+--------+--------+--------+-----+--------+
         Total |   1452 |   1418 |     34 |      0 |   1035 |   3 |  484.0 |
       Dungeon |   1452 |   1418 |     34 |      0 |   1035 |   3 |  484.0 |
               +--------+--------+--------+--------+--------+-----+--------+

Top non-repeatable levels by time:
     D:1: 659 daAuts
     D:2: 568 daAuts
     D:3: 223 daAuts

Table legend:
 A = Non-vault XP
 B = Vault XP
 C = Vault XP percentage of total XP
 D = Non-vault monster count
 E = Vault monster count
 F = Vault count percentage of total count
                 A         B        C        D         E       F
            +---------+---------+-------+---------+---------+-------
      Total |     127 |      11 |   8.0 |      52 |       6 |  10.3
            +---------+---------+-------+---------+---------+-------
        D:1 |      26 |       0 |   0.0 |      15 |       0 |   0.0
        D:2 |      64 |       0 |   0.0 |      24 |       0 |   0.0
        D:3 |      37 |      11 |  22.9 |      13 |       6 |  31.6
            +---------+---------+-------+---------+---------+-------
